 Dungeon Crawl Stone Soup version 0.22-a0-346-ga714374 (webtiles) character file.

158 grindst0ne the Shield-Bearer (level 5, -4/46 HPs)
             Began as a Deep Dwarf Fighter on Apr 6, 2018.
             Was a Follower of Cheibriados.
             Slain by anet's ghost (6 damage)
             ... on level 3 of the Dungeon.
             The game lasted 00:03:02 (1561 turns).

grindst0ne the Shield-Bearer (Deep Dwarf Fighter)   Turns: 1561, Time: 00:03:03

Health: -4/46      AC: 12    Str: 22    XL:     5   Next: 16%
Magic:  5/5        EV:  4    Int: 11    God:    Cheibriados [*.....]
Gold:   50         SH: 10    Dex: 14    Spells: 4/4 levels left

rFire    . . .     SeeInvis .   a - +0 war axe
rCold    . . .     Gourm    .   c - +0 shield
rNeg     . . .     Faith    .   o - +0 plate armour
rPois    .         Spirit   .   (no helmet)
rElec    .         Reflect  .   (no cloak)
rCorr    .         Harm     .   (no gloves)
MR       .....                  (no boots)
Stlth    ..........             (no amulet)
HPRegen  0.00/turn              (no ring)
MPRegen  0.09/turn              (no ring)

@: non-regenerating, very slow
A: damage resistance, heal wounds, sense surroundings 1, no regeneration
a: Heal Wounds, Bend Time, Renounce Religion


You were on level 3 of the Dungeon.
You worshipped Cheibriados.
Cheibriados was aware of your devotion.
You were not hungry.

You visited 1 branch of the dungeon, and saw 3 of its levels.

You collected 50 gold pieces.

Inventory:

Hand Weapons
 a - a +0 war axe (weapon)
Armour
 b - a +0 scale mail
 c - a +0 shield (worn)
 o - a +0 plate armour (worn)
Jewellery
 l - an uncursed ring of ice {unknown}
 s - an uncursed ring of positive energy {unknown}
Scrolls
 e - a scroll of blinking {unknown}
 h - 5 scrolls of identify {unknown}
 j - 2 scrolls of fog {unknown}
 n - a scroll of remove curse {unknown}
 p - 2 scrolls of teleportation {unknown}
 q - a scroll of magic mapping {unknown}
Potions
 d - a potion of might
 i - 3 potions of agility {unknown}
 k - 3 potions of lignification {unknown}
 m - 2 potions of degeneration {unknown}
 r - a potion of cancellation {unknown}
 t - 2 potions of curing {unknown}
 u - a potion of resistance {unknown}
Comestibles
 f - 7 rations
 g - 7 chunks of flesh


   Skills:
 - Level 2.6 Fighting
 + Level 3.8 Axes
 + Level 4.6 Armour
 + Level 4.6 Shields


You had 4 spell levels left.
You didn't know any spells.

Dungeon Overview and Level Annotations

Branches:
Dungeon (3/15)

Altars:
Cheibriados
Elyvilon
Okawaru

Annotations:
D:3 anet's ghost, amateur GnWz


Innate Abilities, Weirdness & Mutations

You are resistant to damage.
You can heal yourself by infusing magical energy.
You passively map a small area around you.
You do not regenerate.


Message History

You block anet's ghost's attack. You block anet's ghost's attack.
You barely miss anet's ghost. You block anet's ghost's attack.
Anet's ghost hits you!
* * * LOW HITPOINT WARNING * * *
You hit anet's ghost.
Anet's ghost is lightly damaged.
Anet's ghost hits you!
* * * LOW HITPOINT WARNING * * *
Anet's ghost hits you.
* * * LOW HITPOINT WARNING * * *
You hit anet's ghost.
Anet's ghost is moderately damaged.
Anet's ghost hits you but does no damage.
You block anet's ghost's attack.
Your shield and plate armour prevent you from hitting anet's ghost.
Anet's ghost is moderately damaged.
You feel yourself speed up. Anet's ghost hits you!
You die...

#.....#
#...........#
* #.....#
#)..........#
#.....#
#############
#.....#
#####.####
#....# ####.#
#W# #@# #.#
#.# #.# #.#
#<# ###


You could see anet's ghost.

Vanquished Creatures
  2 orc wizards (D:3)
  6 adders
  2 dart slugs
  A leopard gecko (D:1)
  2 orcs (D:3)
  4 bats
  2 giant cockroaches (D:2)
  4 goblins
  7 hobgoblins
  2 jackals (D:1)
  A quokka (D:2)
  8 kobolds
  6 rats
  A bush (D:1)
  A plant (D:1)
49 creatures vanquished.

Vanquished Creatures (others)
  A kobold (D:2)
  A goblin (D:2)
2 creatures vanquished.

Grand Total: 51 creatures vanquished

Notes
Turn   | Place    | Note
-------+----------+-------------------------------------------
     0 | D:1      | grindst0ne the Deep Dwarf Fighter began the quest for the Orb.
     0 | D:1      | Reached XP level 1. HP: 20/20 MP: 1/1
   135 | D:1      | Reached XP level 2. HP: 21/27 MP: 2/2
   702 | D:2      | Found a snail-covered altar of Cheibriados.
   712 | D:2      | Reached XP level 3. HP: 21/33 MP: 3/3
   719 | D:2      | Became a worshipper of Cheibriados the Contemplative
  1060 | D:2      | Found a white marble altar of Elyvilon.
  1140 | D:2      | Found an iron altar of Okawaru.
  1183 | D:2      | Reached XP level 4. HP: 23/40 MP: 4/4
  1199 | D:2      | Reached * piety under Cheibriados
  1440 | D:3      | Reached XP level 5. HP: 38/46 MP: 5/5
  1512 | D:3      | Noticed anet's ghost (amateur GnWz)
  1559 | D:3      | HP: 2/46 [anet's ghost (2)]
  1561 | D:3      | Slain by anet's ghost

Vault maps used:
D:1:      tarquinn_simple_flora_water_c, serial_forest,
          infiniplex_forest_clump_large, infiniplex_forest_clump_tiny,
          infiniplex_forest_clump_long, infiniplex_forest_straight_3,
          infiniplex_forest_clump_double, infiniplex_forest_clump_double,
          infiniplex_forest_end_3
D:2:      okawaru_trees_1, cheibriados_altar_1, elyvilon_altar_4, first_ration
D:3:      nemelex_xobeh_ov_fountains_minmay, skrybe_limestone_x, fedhas_altar_1

Skill      XL: |  1  2  3 |
---------------+----------+-----
Axes           | 3 |  3.8
Shields        | 4 |  4.6
Armour         | 4 |  4.6
Fighting       | |  2.6

Action                   |  1- 3 |  4- 6 || total
-------------------------+-------+-------++-------
Melee: War axe           |   146 |    53 ||   199
 Abil: Heal Wounds       |       |     1 ||     1
  Eat: Chunk             |     2 |       ||     2
Armor: Scale mail        |    15 |       ||    15
       Plate armour      |    28 |    85 ||   113
Dodge: Dodged            |    25 |    22 ||    47
Block: Shield            |    45 |    60 ||   105

Table legend:
 A = Spawn XP
 B = Non-spawn XP
 C = Spawn XP percentage of total XP
 D = Spawn monster count
 E = Non-spawn monster count
 F = Spawn count percentage of total count
 G = Total turns spent on level
                    A         B        C        D         E        F      G
               +---------+---------+-------+---------+---------+-------+---------
         Total |       0 |     227 |   0.0 |       0 |      47 |   0.0 |  1561
               +---------+---------+-------+---------+---------+-------+---------
           D:1 |       0 |      29 |   0.0 |       0 |      16 |   0.0 |   684
           D:2 |       0 |      87 |   0.0 |       0 |      17 |   0.0 |   679
           D:3 |       0 |     111 |   0.0 |       0 |      14 |   0.0 |   198
               +---------+---------+-------+---------+---------+-------+---------
